 Dungeon Crawl Stone Soup version 0.25-a0-992-gca090100c3 (webtiles) character file.

Game seed: 12330196415012651164, levelgen mode: deterministic

1400 kMk the Arsonist (level 8, -9/45 HPs)
             Began as a Green Draconian Fire Elementalist on May 10, 2020.
             Was an Initiate of Vehumet.
             Mangled by a tentacled starspawn (11 damage)
             ... on level 2 of the Abyss.
             The game lasted 00:29:04 (8240 turns).

kMk the Arsonist (DrFE)                             Turns: 8240, Time: 00:29:05

Health: -9/45      AC:  8    Str: 11    XL:     8   Next: 41%
Magic:  0/7        EV: 12    Int: 14    God:    Vehumet [......]
Gold:   321        SH:  4    Dex:  7    Spells: 0/11 levels left

rFire    . . .     SeeInvis .   D - +5 mace of Dismemberment {elec, +Rage}
rCold    + . .     Gourm    .   (no shield)
rNeg     . . .     Faith    .   (armour unavailable)
rPois    +         Spirit   +   w - +1 hat
rElec    .         Reflect  +   s - scarf {Spirit}
rCorr    +         Harm     .   o - +0 pair of gloves
MR       .....     Rnd*Rage +   (no boots)
Stlth    +.........             v - +4 amulet of reflection
HPRegen  0.15/turn              A - ring of protection from cold
MPRegen  0.10/turn              a - ring of resist corrosion

@: no status effects
A: breathe noxious fumes, unfitting armour, [berserk 2], [clumsy 2], [dopey 2],
[frail 2], [low mp 3], poison resistance, cold-blooded, AC +6
a: Breathe Noxious Fumes, Renounce Religion, Evoke Berserk Rage


You were on level 2 of the Abyss.
You worshipped Vehumet.
Vehumet was noncommittal.
You were not hungry.

You visited 2 branches of the dungeon, and saw 7 of its levels.
You visited the Abyss 1 time.

You collected 321 gold pieces.

Inventory:

Hand Weapons
 c - a +0 whip
 y - a +4 flail of protection
 D - the +5 mace of Dismemberment (weapon) {elec, +Rage}
   (You found it on level 6 of the Dungeon)

   Occasionally, upon striking a foe, it will discharge some electrical energy
   and cause terrible harm.
   It lets you go berserk.
 E - a +1 mace of distortion
Missiles
 e - 7 curare-tipped darts (quivered)
 n - 6 boomerangs
 r - 7 poisoned darts
 t - 2 silver boomerangs
Armour
 o - a +0 pair of gloves (worn)
 s - a scarf of spirit shield (worn)
 w - a +1 hat (worn)
Jewellery
 a - a ring of resist corrosion (right hand)
 p - an uncursed amulet of regeneration
 v - a +4 amulet of reflection (around neck)
 A - a ring of protection from cold (left hand)
Wands
 B - a wand of disintegration (16)
 C - a wand of flame (11)
Scrolls
 i - 2 scrolls of remove curse
 j - 2 scrolls of blinking
 k - 2 scrolls of amnesia
 l - a scroll of fear
 u - 2 scrolls of teleportation
 z - a scroll of identify
Potions
 d - 2 potions of cancellation
 f - a potion of resistance
 g - 2 potions of curing
 h - 5 potions of brilliance
 m - a potion of might
 q - a potion of stabbing
 x - a potion of degeneration {unknown}
Comestibles
 b - 10 rations


   Skills:
 - Level 1.7 Dodging
 - Level 1.7 Stealth
 - Level 2.0 Spellcasting
 + Level 7.3 Conjurations
 + Level 8.0 Fire Magic


You couldn't memorise any spells.
You knew the following spells:

 Your Spells              Type           Power        Failure   Level  Hunger
a - Foxfire               Conj/Fire      ###.         1%          1    ##.....
b - Conjure Flame         Conj/Fire      ###.....     3%          3    ####...
c - Inner Flame           Hex/Fire       ##......     14%         3    ####...
d - Sticky Flame          Conj/Fire      ###.....     10%         4    #####..

Your spell library contained the following spells:

 Spells                   Type           Power        Failure   Level  Hunger
 Fireball                 Conj/Fire      ###.......   28%         5    ######.


Dungeon Overview and Level Annotations

Branches:
Dungeon (6/15)             Temple (1/1) D:6

Altars:
Ashenzari
Cheibriados
Dithmenos
Elyvilon
Fedhas
Gozag
Hepliaklqana
Kikubaaqudgha
Makhleb
Nemelex Xobeh
Sif Muna
Trog
Uskayaw
Vehumet
Wu Jian
Xom
Yredelemnul
The Shining One


Innate Abilities, Weirdness & Mutations

You can breathe blasts of noxious fumes.
Your lurid green scales are hard. (AC +6)
You cannot fit into any form of body armour.
Your system is resistant to poisons. (rPois)
You are cold-blooded and may be slowed by cold attacks.
[You often lose your temper in combat.]
[You are very clumsy. (Dex -4)]
[You are very dopey. (Int -4)]
[You are very frail. (-20% HP)]
[Your magical capacity is extremely low. (-30% MP)]


Message History

The purple very ugly thing trunk-slaps something!
Your starspawn tentacle constricts the purple very ugly thing.
The purple very ugly thing trunk-slaps your starspawn tentacle!
Your starspawn tentacle loses its grip on the purple very ugly thing.
The tentacle pulls the purple very ugly thing backwards!
The starspawn tentacle grabs you. The starspawn tentacle constricts you.
The starspawn tentacle's grasp on you weakens, but your attempt to escape fails.
The starspawn tentacle loses its grip on you.
The tentacle pulls you backwards!
You block the starspawn tentacle's attack.
A hell hog comes into view.
The hell hog squeals angrily.
The hell hog breathes fire at you.
The fireball explodes!
The fireball engulfs you!!
* * * LOW HITPOINT WARNING * * *
The fireball engulfs the tentacled starspawn!!
The wretched star pulses with an eldritch light!
You feel frail. x2
The tentacled starspawn bites you!
You die...

## #. #..
.###.# ###
.#h§...##..# .
# #@.#. ##.
.#.X..#
....#/#.w###
#.<#.<.u.# ##
#...##│..##.#
#x##.#│*#...#
..#..#X#...##
#.#..X..X....##
# #..#
.#..xX.##


You could see a purple very ugly thing, a tentacled starspawn, a wretched star,
a hell hog (catching breath), a small abomination and a starspawn tentacle.

Vanquished Creatures
  Edmund (D:5)
  Duvessa (D:5)
  An ice beast (D:3)
  An orc warrior (D:6)
  An ogre (D:5)
  A centaur (D:6)
  Dowan (D:5)
  A scorpion (D:5)
  A howler monkey (D:5)
  Crazy Yiuf (D:6)
  An orc priest (D:3)
  An orc wizard (D:6)
  Natasha (thrice) (D:2)
  3 worker ants
  2 iguanas
  2 hound skeletons (D:5)
  A worker ant zombie (D:5)
  Robin (D:2)
  4 gnolls (D:4)
  2 howler monkey skeletons
  12 adders
  A shadow imp (D:6)
  A worm (D:4)
  A dart slug (D:1)
  2 leopard geckos
  13 orcs
  2 bats (D:1)
  11 goblins
  13 hobgoblins
  4 jackals
  6 kobolds
  3 ball pythons
  A ball python skeleton (D:4)
  3 frilled lizards
  A jackal zombie (D:2)
  A leopard gecko skeleton (D:4)
  5 rats
110 creatures vanquished.

Vanquished Creatures (others)
  A centaur (D:5)
  416 foxfires
  3 starspawn tentacles (Abyss:2)
420 creatures vanquished.

Grand Total: 530 creatures vanquished

Notes
Turn   | Place    | Note
-------+----------+-------------------------------------------
     0 | D:1      | kMk the Draconian Fire Elementalist began the quest for the
                  | Orb.
     0 | D:1      | Reached XP level 1. HP: 14/14 MP: 3/3
   158 | D:1      | Reached XP level 2. HP: 20/20 MP: 3/5
  1153 | D:2      | Found a blossoming altar of Fedhas.
  1249 | D:2      | Reached XP level 3. HP: 26/26 MP: 2/6
  1322 | D:2      | Noticed Natasha
  1327 | D:2      | Killed Natasha
  1327 | D:2      | Reached skill level 4 in Fire Magic
  1327 | D:2      | Reached XP level 4. HP: 33/33 MP: 3/7
  1359 | D:2      | Learned a level 3 spell: Conjure Flame
  1363 | D:2      | Learned a level 3 spell: Inner Flame
  1403 | D:2      | Noticed Robin
  1548 | D:2      | Killed Robin
  1957 | D:2      | Noticed Natasha
  1969 | D:2      | Killed Natasha
  2028 | D:2      | Reached XP level 5. HP: 22/38 MP: 5/8
  2212 | D:2      | Noticed Natasha
  2221 | D:2      | Killed Natasha
  2343 | D:2      | Found a shadowy altar of Dithmenos.
  2958 | D:3      | Reached skill level 5 in Fire Magic
  3236 | D:3      | Noticed an ice beast
  3253 | D:3      | Killed an ice beast
  3253 | D:3      | Reached XP level 6. HP: 29/45 MP: 2/9
  4384 | D:4      | Reached skill level 5 in Conjurations
  5189 | D:4      | Reached skill level 6 in Fire Magic
  5199 | D:4      | Your scales start taking on a lurid green colour.
  5199 | D:4      | Reached XP level 7. HP: 48/50 MP: 5/10
  5199 | D:4      | Gained mutation: Your system is resistant to poisons.
                  | (rPois) [Green Draconian growth]
  5568 | D:5      | Entered Level 5 of the Dungeon
  6373 | D:5      | Found a shimmering blue altar of Sif Muna.
  6446 | D:5      | Noticed Duvessa
  6449 | D:5      | Noticed Dowan
  6458 | D:5      | Killed Duvessa
  6485 | D:5      | Killed Dowan
  6485 | D:5      | Reached skill level 7 in Fire Magic
  6702 | D:5      | Noticed Edmund
  6788 | D:5      | Killed Edmund
  6788 | D:5      | Reached XP level 8. HP: 16/57 MP: 0/11
  7484 | D:5      | Learned a level 4 spell: Sticky Flame
  7787 | D:6      | Found a staircase to the Ecumenical Temple.
  7799 | Temple   | Entered the Ecumenical Temple
  7838 | Temple   | Became a worshipper of Vehumet
  8079 | D:6      | Found a runed translucent door.
  8080 | D:6      | Noticed Crazy Yiuf
  8090 | D:6      | Killed Crazy Yiuf
  8090 | D:6      | Reached skill level 8 in Fire Magic
  8159 | D:6      | Got a transparent mace
  8160 | D:6      | Identified the +5 mace of Dismemberment {elec, +Rage} (You
                  | found it on level 6 of the Dungeon)
  8169 | D:6      | Cast into level 1 of the Abyss (unwielding a weapon of
                  | distortion)
  8193 | Abyss:2  | Noticed a white very ugly thing
  8195 | Abyss:2  | Noticed a white very ugly thing
  8207 | Abyss:2  | Noticed a starcursed mass
  8211 | Abyss:2  | Noticed a wretched star
  8223 | Abyss:2  | Noticed a tentacled starspawn
  8226 | Abyss:2  | Noticed a thrashing horror
  8230 | Abyss:2  | Noticed a thrashing horror
  8239 | Abyss:2  | Noticed a hell hog
  8240 | Abyss:2  | HP: 2/57 [hell hog/fireball (22)]
  8240 | Abyss:2  | Mangled by a tentacled starspawn

Illustrated notes

Levels and vault maps discovered:
D:1:      wander_arrival_peaceful_grave, layout_basic, nrook_uturn
D:2:      layout_basic, nicolae_dithmenos_shadow_blocks, fedhas_altar_1,
          uniq_natasha, uniq_robin
D:3:      layout_loops_ring
D:4:      minmay_razor_zed, layout_rooms
D:5:      layout_cave_pods, first_ration, basic_altar, uniq_edmund, uniq_duvessa
D:6:      layout_basic, minmay_temple_entry_ruins, serial_shops,
          nicolae_shop_behind_doors, uniq_crazy_yiuf_cottage
Temple:   regret_index_temple_sphere_string
Abyss:2:  base:
D:5

Skill      XL: |  1  2  3  4  5  6  7  8 |
---------------+-------------------------+-----
Conjurations   | 2 3 4 5 6 7 |  7.3
Fire Magic     | 4 5 6 7 8 |  8.0
Dodging        | |  1.7
Stealth        | |  1.7
Spellcasting   | |  2.0

Action                   |  1- 3 |  4- 6 |  7- 9 || total
-------------------------+-------+-------+-------++-------
Melee: Unarmed           |     2 |       |       ||     2
       Whip              |       |    37 |   163 ||   200
       Tailslap          |       |     6 |    13 ||    19
       Flail             |       |       |     8 ||     8
Throw: Dart              |       |       |     1 ||     1
 Cast: Foxfire           |    37 |   130 |    85 ||   252
       Conjure Flame     |       |    11 |     6 ||    17
 Abil: Breathe Noxious F |       |       |     1 ||     1
Evoke: Phantom mirror    |       |       |     1 ||     1
  Use: Scroll            |       |     1 |    12 ||    13
  Eat: Chunk             |     1 |    16 |     6 ||    23
       Ration            |       |       |     2 ||     2
Armor: Skin              |     7 |    22 |    71 ||   100
Dodge: Dodged            |    18 |    49 |   120 ||   187
Block: Other             |       |     7 |    30 ||    37
       Reflection        |       |       |     5 ||     5

Table legend:
 A = Non-vault XP
 B = Vault XP
 C = Vault XP percentage of total XP
 D = Non-vault monster count
 E = Vault monster count
 F = Vault count percentage of total count
                 A         B        C        D         E       F
            +---------+---------+-------+---------+---------+-------
      Total |    1323 |     678 |  33.9 |      84 |      27 |  24.3
            +---------+---------+-------+---------+---------+-------
        D:1 |      27 |       0 |   0.0 |      15 |       0 |   0.0
        D:2 |     149 |      74 |  33.2 |      22 |      13 |  37.1
        D:3 |     266 |       0 |   0.0 |      19 |       0 |   0.0
        D:4 |      70 |     168 |  70.6 |      10 |      10 |  50.0
        D:5 |     484 |     395 |  44.9 |      12 |       3 |  20.0
        D:6 |     327 |      41 |  11.1 |       6 |       1 |  14.3
            +---------+---------+-------+---------+---------+-------
